 Dungeon Crawl Stone Soup version 0.29-a0-813-g4a14ea37d6 (webtiles) character file.

Game seed: 8889263297522104664

1165 pokeman the Thaumaturge (level 8, -3/42 (44) HPs)
             Began as a Deep Elf Hedge Wizard on July 4, 2022.
             Was an Initiate of Vehumet.
             Slain by a killer bee (6 damage)
             ... on level 6 of the Dungeon.
             The game lasted 00:12:28 (7116 turns).

pokeman the Thaumaturge (Deep Elf Hedge Wizard)     Turns: 7116, Time: 00:12:29

HP:   -3/42 (44)    AC:  4    Str:  7    XL:     8   Next: 17%
MP:   6/23          EV: 12    Int: 22    God:    Vehumet [......]
Gold: 101           SH:  5    Dex: 14    Spells: 14/25 levels left

rFire   + . .      SeeInvis .   q - +1 short sword (drain)
rCold   . . .      Faith    .   (no shield)
rNeg    . . .      Spirit   .   l - +0 leather armour
rPois   .          Reflect  +   c - +0 hat
rElec   .          Harm     .   x - +0 cloak
rCorr   .          Rampage  .   (no gloves)
Will    .....                   (no boots)
Stlth   ++........              y - amulet of reflection
HPRegen 0.14/turn               r - ring of protection from fire
MPRegen 0.18/turn               (no ring)

@: lightly drained
A: no striking features
a: Renounce Religion


You were on level 6 of the Dungeon.
You worshipped Vehumet.
Vehumet was noncommittal.
You visited 2 branches of the dungeon, and saw 7 of its levels.

You collected 281 gold pieces.
You spent 180 gold pieces at shops.

Inventory:

Hand Weapons
 q - a +1 short sword of draining (weapon)
Missiles
 b - a throwing net
Armour
 c - a +0 hat (worn)
 l - a +0 leather armour (worn)
 x - a +0 cloak (worn)
Magical Staves
 z - a staff of cold
Jewellery
 n - an amulet of the acrobat
 r - a ring of protection from fire (left hand)
 y - an amulet of reflection (around neck)
Scrolls
 a - a scroll of noise {unknown}
 f - 2 scrolls of poison {unknown}
 k - 2 scrolls of amnesia {unknown}
 m - 2 scrolls of fear {unknown}
 o - 2 scrolls of vulnerability {unknown}
 p - 2 scrolls of magic mapping {unknown}
 s - 3 scrolls of identify {unknown}
 t - a scroll of silence {unknown}
 u - 2 scrolls of fog {unknown}
 v - a scroll of teleportation {unknown}
Potions
 d - a potion of magic
 e - 2 potions of brilliance {unknown}
 g - 2 potions of haste {unknown}
 h - a potion of flight {unknown}
 i - 4 potions of lignification {unknown}
 j - a potion of might {unknown}
 w - a potion of invisibility {unknown}
 A - 3 potions of curing
 B - a potion of heal wounds


   Skills:
 - Level 2.0 Fighting
 + Level 2.2 Armour
 - Level 3.0 Dodging
 - Level 3.0 Stealth
 * Level 9.2 Spellcasting
 + Level 4.7 Conjurations
 - Level 1.1 Summonings
 - Level 1.1 Translocations
 + Level 3.1 Fire Magic
 + Level 0.5 Ice Magic
 - Level 1.2 Air Magic
 - Level 1.4 Poison Magic


You had 14 spell levels left.
You knew the following spells:

 Your Spells              Type           Power      Damage    Failure   Level
a - Magic Dart            Conj           100%       1d8       1%          1
b - Mephitic Cloud        Conj/Pois/Air  21%        N/A       11%         3
c - Call Imp              Summ           15%        N/A       10%         2
d - Blink                 Tloc           30%        N/A       10%         2
e - Conjure Flame         Conj/Fire      27%        6-21      5%          3

Your spell library contained the following spells:

 Spells                   Type           Power      Damage    Failure   Level
 Slow                     Hex            40%        N/A       10%         1
 Tukima's Dance           Hex            10%        N/A       28%         3
 Summon Mana Viper        Hex/Summ       12%        N/A       91%         5
 Discord                  Hex            5%         N/A       100%        8


Dungeon Overview and Level Annotations

Branches:
Dungeon (6/15)             Temple (1/1) D:5

Altars:
Dithmenos
Elyvilon
Fedhas
Gozag
Nemelex Xobeh
Okawaru
Qazlal
Ru
Trog
Uskayaw
Vehumet
Wu Jian
The Shining One

Shops:
D:1 ?   D:4 =   D:5 !


Message History

The killer bee poisons you! The wight attacks as you move away!
The wight barely misses you.
* * * LOW HITPOINT WARNING * * *
You feel sick.
Casting: Mephitic Cloud (dangerous; 11% risk of failure)
Confirm with . or Enter, or press ? or * to list all spells.
You blink.
You feel sick.
A wight comes into view. It is wielding a +5 trident.
Unknown command.
You feel sick. The wight attacks as you move away! The wight barely misses you.
You feel sick. The killer bee closely misses you.
You feel sick.
You are no longer poisoned.
Your magical contamination has completely faded away.
You feel stable enough to blink again.
Casting: Blink (safe; 10% risk of failure)
Confirm with . or Enter, or press ? or * to list all spells.
You miscast Blink.
You are very lightly contaminated with residual magic.
Nothing appears to happen.
The wight closely misses you. You block the orc's attack.
Casting: Blink (safe; 10% risk of failure)
Confirm with . or Enter, or press ? or * to list all spells.
You blink.
The phantom hits you but does no damage.
The killer bee completely misses the wight.
The killer bee barely misses the wight.
The phantom attacks as you move away! You block the phantom's attack.
You feel stable enough to blink again. The wight attacks as you move away!
You block the wight's attack.
Casting: Blink (safe; 10% risk of failure)
Confirm with . or Enter, or press ? or * to list all spells.
You blink.
The killer bee stings the wight.
The wight barely misses you.
Unknown command.
Your magical contamination has completely faded away.
The wight attacks as you move away! The wight closely misses you.
You feel stable enough to blink again. The killer bee stings you.
You die...

#.........#......## ..#
#........###......# ....#
#................##
......##.....###......####
..............#........#.###
..............##...........#
........#.................##
.............##..####...>.#
............####@#.#......#
#...........#.y.......#..#
#..........zzz.......#####
.#...[...##.zz.W....>.#
....(......)o#.....#..#
#.................#####
..................##
...................#
.#............##...#


You could see a phantom, a killer bee (confused), 5 wights and an orc.

Vanquished Creatures
  3 black bears (D:4)
  2 ogres
  A phantom (D:5)
  A scorpion (D:5)
  A howler monkey (D:5)
  2 hounds (D:5)
  2 jellies
  3 orc priests
  3 iguanas
  2 orc wizards
  3 gnolls (D:3)
  8 adders
  A white imp (D:4)
  An ufetubus (D:5)
  3 worms
  A dart slug (D:2)
  13 orcs
  11 endoplasms
  A giant cockroach (D:1)
  13 hobgoblins
  4 jackals (D:4)
  4 quokkas
  8 ball pythons
  5 bats
  3 frilled lizards (D:2)
  6 kobolds
  4 rats
109 creatures vanquished.

Vanquished Creatures (collateral kills)
  An orc (D:3)
1 creature vanquished.

Grand Total: 110 creatures vanquished

Notes
Turn   | Place    | Note
-------+----------+-------------------------------------------
     0 | D:1      | pokeman the Deep Elf Hedge Wizard began the quest for the
                  | Orb.
     0 | D:1      | Reached XP level 1. HP: 10/10 MP: 7/7
   174 | D:1      | Found Gexoczil's Magic Scroll Shop.
   581 | D:1      | Reached XP level 2. HP: 16/16 MP: 3/9
  1590 | D:2      | Reached skill level 5 in Spellcasting
  1647 | D:2      | Identified the +1 ring mail of Heahebli {Harm}
  1835 | D:2      | Reached XP level 3. HP: 20/20 MP: 7/11
  1844 | D:2      | Learned a level 3 spell: Mephitic Cloud
  1847 | D:2      | Learned a level 2 spell: Call Imp
  1854 | D:2      | Learned a level 2 spell: Blink
  1858 | D:2      | Learned a level 3 spell: Conjure Flame
  2056 | D:2      | Reached skill level 1 in Fighting
  2056 | D:2      | Reached skill level 1 in Armour
  2058 | D:2      | Reached XP level 4. HP: 18/25 MP: 1/13
  2794 | D:3      | Got Tasus's Volume of Charms
  3123 | D:3      | Reached XP level 5. HP: 29/29 MP: 4/15
  3125 | D:3      | Reached skill level 6 in Spellcasting
  4128 | D:4      | Noticed a black bear
  4158 | D:4      | Killed a black bear
  4159 | D:4      | Reached skill level 1 in Fire Magic
  4159 | D:4      | Reached skill level 1 in Poison Magic
  4159 | D:4      | Reached XP level 6. HP: 31/34 MP: 7/17
  4294 | D:4      | Found Lacveaklija's Jewellery Shoppe.
  4334 | D:4      | Reached skill level 7 in Spellcasting
  4832 | D:4      | Reached skill level 1 in Air Magic
  4880 | D:4      | Reached XP level 7. HP: 38/39 MP: 17/20
  5004 | D:5      | Entered Level 5 of the Dungeon
  5015 | D:5      | Reached skill level 8 in Spellcasting
  5946 | D:5      | Found a staircase to the Ecumenical Temple.
  5956 | Temple   | Entered the Ecumenical Temple
  6136 | Temple   | Became a worshipper of Vehumet
  6322 | D:5      | Reached skill level 9 in Spellcasting
  6322 | D:5      | Reached XP level 8. HP: 27/44 MP: 15/23
  6456 | D:5      | Found Lootifil's Distillery.
  6472 | D:5      | Bought a potion of degeneration for 12 gold pieces
  6472 | D:5      | Bought a potion of curing for 36 gold pieces
  6472 | D:5      | Bought a potion of heal wounds for 60 gold pieces
  6472 | D:5      | Bought 2 potions of curing for 72 gold pieces
  7102 | D:6      | HP: 2/42 [poisoned by a killer bee]
  7116 | D:6      | Slain by a killer bee

Illustrated notes

Levels and vault maps discovered:
D:1:      dpeg_arrival_renting, layout_basic, serial_shops,
          nicolae_shop_competitors_out_of_business
D:2:      layout_loops_ring
D:3:      layout_basic, nicolae_kite_square_tiling_tiny
D:4:      layout_rooms, serial_shops, nicolae_diamond_shop,
          kennysheep_generic_room_8
D:5:      cheibrodos_helix_gallery, layout_basic,
          minmay_temple_entry_stoned_glass, serial_shops, nicolae_diamond_shop,
          hangedman_decor_points
D:6:      layout_cave_pools, serial_gnoll_camp, gnoll_camp_mini_shop,
          gnoll_camp_medium_01, gnoll_camp_mini_doghouse, gnoll_camp_mini_hut,
          minmay_ogre_servants
Temple:   mainiacjoe_temple_cubbyholes

Skill      XL: |  1  2  3  4  5  6  7  8 |
---------------+-------------------------+-----
Spellcasting   | 5 6 7 9 |  9.2
Fighting       | 1 2 |  2.0
Armour         | 1 2 |  2.2
Conjurations   | 2 3 4 |  4.7
Stealth        | 3 |  3.0
Dodging        | 3 |  3.0
Fire Magic     | 1 2 3 |  3.1
Poison Magic   | 1 |  1.4
Air Magic      | 1 |  1.2
Summonings     | |  1.1
Translocations | |  1.1
Ice Magic      | |  0.5

Action                   |  1- 3 |  4- 6 |  7- 9 || total
-------------------------+-------+-------+-------++-------
Melee: Mace              |       |    33 |       ||    33
       Short sword       |       |    15 |    24 ||    39
       Punch             |       |     1 |       ||     1
 Cast: Magic Dart        |    87 |   139 |    83 ||   309
       Mephitic Cloud    |     1 |     8 |     6 ||    15
       Conjure Flame     |     1 |     5 |       ||     6
       Call Imp          |       |     2 |     2 ||     4
       Blink             |       |       |     4 ||     4
 Stab: Confused          |       |     6 |     1 ||     7
Armor: Leather armour    |     1 |     8 |    19 ||    28
Dodge: Dodged            |     6 |    43 |    45 ||    94
Block: Other             |       |       |     8 ||     8

Table legend: (Time is in decaauts)
 A = Elapsed time spent in this place.
 B = Non-inter-level travel time spent in this place.
 C = Inter-level travel time spent in this place.
 D = Time resting spent in this place.
 E = Time spent auto-exploring this place.
 F = Levels seen in this place.
 G = Mean time per level.
                   A        B        C        D        E       F      G
               +--------+--------+--------+--------+--------+-----+--------+
         Total |   7133 |   6919 |    214 |    409 |   5580 |   7 | 1019.0 |
       Dungeon |   6883 |   6738 |    145 |    409 |   5412 |   6 | 1147.2 |
        Temple |    250 |    181 |     69 |      0 |    168 |   1 |  250.0 |
               +--------+--------+--------+--------+--------+-----+--------+

Top non-repeatable levels by time:
     D:5: 1528 daAuts
     D:4: 1378 daAuts
     D:2: 1372 daAuts
     D:1: 1329 daAuts
     D:3: 1121 daAuts
  Temple: 250 daAuts
     D:6: 153 daAuts
